[Event "Titled Tuesday Blitz May 2 Early 2023"]
[White "Van Baar, Esper"]
[Black "Lee, Addison"]
[WhiteFideId "1049321"]
[BlackFideId "30924570"]
[WhiteElo "2180"]
[BlackElo "2079"]
[Result "0-1"]
[Round "09"]
[TimeControl "180+2"]
[Date "2023.05.02"]
[WhiteClock "0:00:02"]
[BlackClock "0:00:08"]

1. e4 c5 2. Nf3 d6 3. d4 cxd4 4. Nxd4 Nf6 5. Nc3 g6 6. f3 Bg7 7. Be3 O-O 8. Qd2 Nc6 9. O-O-O d5 10. exd5 Nxd5 11. Nxc6 bxc6 12. Bd4 Bxd4 13. Qxd4 Qc7 14. Na4 e5 15. Qc5 Be6 16. Bc4 Nf4 17. Bxe6 Nxe6 18. Qd6 Rfd8 19. Qxc7 Nxc7 20. Nc5 Kf8 21. c4 Ke7 22. h4 h5 23. Rhe1 Rxd1+ 24. Kxd1 f6 25. f4 Kd6 26. Ne4+ Ke6 27. Nc5+ Kf5 28. fxe5 fxe5 29. Kc2 Rd8 30. Nd3 e4 31. Nc5 Re8 32. b4 Ne6 33. Nxe4 Kg4 34. Nf6+ Kxh4 35. Nxe8 Nd4+ 36. Kd3 Nf5 37. Nf6 Kg5 38. Nd7 Kg4 39. Re4+ Kg3 40. Re6 g5 41. Re2 g4 42. Ne5 h4 43. b5 cxb5 44. cxb5 h3 45. gxh3 gxh3 46. a4 Nh4 47. a5 Ng2 48. Rd2 h2 49. Rd1 Nf4+ 50. Ke4 Nh3 51. Rh1 Nf2+ 52. Kd5 Nxh1 53. b6 Nf2 54. b7 h1=Q+ 0-1


[Site "https://www.chess.com"]

[Event "Titled Tuesday Blitz May 2 Early 2023"]
[White "Ankudinova, Yelena"]
[Black "Lakshmi C"]
[WhiteFideId "13702114"]
[BlackFideId "25035347"]
[WhiteElo "1937"]
[BlackElo "1942"]
[Result "1-0"]
[Round "09"]
[TimeControl "180+2"]
[Date "2023.05.02"]
[WhiteClock "0:00:10"]
[BlackClock "0:00:01"]

1. c4 Nf6 2. Nc3 e5 3. Nf3 d6 4. d4 exd4 5. Nxd4 Nc6 6. g3 Nxd4 7. Qxd4 Be7 8. Bg2 O-O 9. O-O Nd7 10. b3 Bf6 11. Qd2 Nc5 12. Bb2 Bg5 13. f4 Bf6 14. Rad1 Re8 15. b4 Ne6 16. Nd5 Bxb2 17. Qxb2 c6 18. Nc3 Qb6+ 19. Kh1 a5 20. a3 axb4 21. axb4 Nd4 22. Ne4 Nf5 23. Nxd6 Nxd6 24. Rxd6 Bg4 25. e4 Ra4 26. b5 Rxc4 27. h3 Qc5 28. e5 Rc2 29. Qd4 Qxd4 30. Rxd4 Be2 31. Re1 Bxb5 32. f5 c5 33. Rd6 Ba6 34. e6 fxe6 35. fxe6 Re2 36. Rxe2 Bxe2 37. Rd7 Bc4 38. Rxb7 Bxe6 39. Rc7 c4 40. Kh2 Bf7 41. g4 g6 42. Kg3 Rd8 43. Kf4 Rd2 44. Be4 Rf2+ 45. Kg3 Re2 46. Kf4 Rf2+ 47. Kg3 Ra2 48. Kf4 Ra5 49. h4 h6 50. g5 hxg5+ 51. hxg5 Rb5 52. Rc6 Kg7 53. Rc7 Kf8 54. Rc6 Kg7 55. Rc7 Ra5 56. Rc6 1-0


[Site "https://www.chess.com"]

[Event "Titled Tuesday Blitz May 2 Early 2023"]
[White "Nakamura, Hikaru"]
[Black "Duda, Jan-Krzysztof"]
[WhiteFideId "2016192"]
[BlackFideId "1170546"]
[WhiteElo "2885"]
[BlackElo "2790"]
[Result "1-0"]
[Round "10"]
[TimeControl "180+2"]
[Date "2023.05.03"]
[WhiteClock "0:00:00"]
[BlackClock "0:00:00"]

1. e4 c5 2. Nf3 d6 3. c3 Nf6 4. Bd3 g6 5. Bc2 Nc6 6. d4 cxd4 7. cxd4 Nb4 8. Ba4+ Bd7 9. Nc3 Bg7 10. O-O O-O 11. Bxd7 Qxd7 12. Bg5 Rfc8 13. Qb3 Nc6 14. Rad1 h6 15. Bc1 Na5 16. Qc2 d5 17. e5 Ne4 18. Rfe1 e6 19. h4 b5 20. Qd3 Nxc3 21. bxc3 Qc6 22. h5 Qxc3 23. Qxb5 Rab8 24. Qa6 Nc6 25. hxg6 fxg6 26. Bd2 Qc4 27. Qa3 Nxd4 28. Nxd4 Qxd4 29. Qh3 Rf8 30. Qxe6+ Kh7 31. Be3 Qxe5 32. Qxe5 Bxe5 33. Rxd5 Rbe8 34. Rd7+ Kg8 35. Bxh6 Rf7 36. Red1 Rxd7 37. Rxd7 Rb8 38. g3 Rb2 39. a4 a6 40. Rd5 Bc3 41. Rd6 Kf7 42. Be3 a5 43. Rc6 Rb3 44. Rc7+ Ke6 45. Rc6+ Kf7 46. Kg2 Ra3 47. Bc1 Rb3 48. Rc7+ Ke6 49. g4 Bb4 50. Rc6+ Kf7 51. Be3 Ra3 52. Bd4 Rxa4 53. Rf6+ Kg7 54. Rf4+ Kg8 55. Rf6 Kg7 56. g5 Ra3 57. Rb6+ Kf7 58. Rf6+ Kg7 59. f4 Rd3 60. Be5 Rd2+ 61. Kf3 Kg8 62. Rxg6+ Kf7 63. f5 Rd3+ 64. Ke4 Rd1 65. Rg7+ Kf8 66. Rb7 Re1+ 67. Kd5 Ke8 68. Ke6 1-0


[Site "https://www.chess.com"]

[Event "Titled Tuesday Blitz May 2 Early 2023"]
[White "Bortnyk, Olexandr"]
[Black "Firouzja, Alireza"]
[WhiteFideId "14120828"]
[BlackFideId "12573981"]
[WhiteElo "2734"]
[BlackElo "2904"]
[Result "0-1"]
[Round "10"]
[TimeControl "180+2"]
[Date "2023.05.03"]
[WhiteClock "0:00:00"]
[BlackClock "0:00:00"]

1. d4 Nf6 2. Nc3 d5 3. Bf4 Bf5 4. e3 e6 5. Nf3 Bd6 6. Ne5 Nbd7 7. Bd3 Bxd3 8. cxd3 O-O 9. O-O a6 10. e4 Be7 11. Qb3 Nxe5 12. Bxe5 b5 13. exd5 exd5 14. Rac1 c6 15. Nd1 Rc8 16. Ne3 Re8 17. Rc2 Nd7 18. Rfc1 Bg5 19. Rxc6 Rxc6 20. Rxc6 Nxe5 21. dxe5 Rxe5 22. d4 Re6 23. Rc5 Bxe3 24. fxe3 Qe8 25. Qc2 Qf8 26. Kf2 g6 27. Rxd5 Qh6 28. Qc3 Qxh2 29. Rd8+ Kg7 30. d5+ Rf6+ 31. Ke2 Qxg2+ 32. Kd3 Qf1+ 33. Kc2 Kh6 34. Kb3 a5 35. Qd4 g5 36. Rc8 a4+ 37. Ka3 Qf5 38. Rc6 Kg6 0-1


[Site "https://www.chess.com"]

[Event "Titled Tuesday Blitz May 2 Early 2023"]
[White "Vidit, Santosh Gujrathi"]
[Black "Caruana, Fabiano"]
[WhiteFideId "5029465"]
[BlackFideId "2020009"]
[WhiteElo "2651"]
[BlackElo "2837"]
[Result "0-1"]
[Round "10"]
[TimeControl "180+2"]
[Date "2023.05.03"]
[WhiteClock "0:00:00"]
[BlackClock "0:00:00"]

1. e4 c5 2. Nf3 e6 3. d4 cxd4 4. Nxd4 Nc6 5. Nc3 a6 6. Nxc6 bxc6 7. Qd3 d5 8. Qg3 h5 9. h4 Nf6 10. Bd3 Ng4 11. Bf4 Bc5 12. Rf1 O-O 13. O-O-O Bd4 14. Be2 e5 15. Bg5 Qb6 16. Bxg4 hxg4 17. exd5 Rb8 18. b3 Qb4 19. Bd2 cxd5 20. Kb1 Bf5 21. Nxd5 Qc5 22. Ne3 Qa3 0-1


[Site "https://www.chess.com"]

[Event "Titled Tuesday Blitz May 2 Early 2023"]
[White "Shimanov, Aleksandr"]
[Black "Bluebaum, Matthias"]
[WhiteFideId "4198603"]
[BlackFideId "24651516"]
[WhiteElo "2631"]
[BlackElo "2638"]
[Result "1-0"]
[Round "10"]
[TimeControl "180+2"]
[Date "2023.05.03"]
[WhiteClock "0:00:00"]
[BlackClock "0:00:00"]

1. d4 d5 2. Nf3 e6 3. c3 c5 4. Bf4 Nc6 5. e3 Bd6 6. Nbd2 Bxf4 7. exf4 cxd4 8. cxd4 Qf6 9. Bb5 Qxf4 10. Bxc6+ bxc6 11. O-O Ne7 12. Qc2 O-O 13. Nb3 Ba6 14. Rfd1 Qf5 15. Qc3 Be2 16. Nh4 Qf6 17. Re1 Bh5 18. g3 Rab8 19. Nc5 Rfd8 20. b3 g5 21. Ng2 Nf5 22. Re5 h6 23. f4 Rb5 24. Rf1 Qg7 25. Ne3 Bg6 26. g4 Nxd4 27. Qxd4 gxf4 28. Nc4 Rf8 29. Qxf4 Rxc5 30. Nd6 Rc2 31. h4 Bd3 32. Rf3 Bh7 33. h5 c5 34. g5 Kh8 35. Rg3 hxg5 36. Rgxg5 Qh6 37. Nxf7+ Rxf7 38. Qxf7 Rc1+ 39. Kh2 Rc2+ 40. Kg3 Rc3+ 41. Kh4 Rc1 42. Qe8+ Qf8 43. Qxf8+ Bg8 44. Qxg8# 1-0


[Site "https://www.chess.com"]

[Event "Titled Tuesday Blitz May 2 Early 2023"]
[White "Andreikin, Dmitry"]
[Black "Maghsoodloo, Parham"]
[WhiteFideId "4158814"]
[BlackFideId "12539929"]
[WhiteElo "2736"]
[BlackElo "2647"]
[Result "1-0"]
[Round "10"]
[TimeControl "180+2"]
[Date "2023.05.03"]
[WhiteClock "0:00:00"]
[BlackClock "0:00:00"]

1. Nf3 Nf6 2. c4 e6 3. Nc3 d5 4. e3 Bd6 5. d4 O-O 6. c5 Be7 7. b4 Nbd7 8. Bd3 c6 9. O-O b6 10. a3 a5 11. Bb2 Ba6 12. Bxa6 Rxa6 13. b5 cxb5 14. c6 Nb8 15. Ne5 b4 16. Nb5 Ne8 17. Qa4 Nc7 18. Rfc1 Ra8 19. h3 Nxb5 20. Qxb5 Qc7 21. axb4 Bxb4 22. Ba3 Bxa3 23. Rxa3 Rc8 24. h4 Qd6 25. Rac3 Qb4 26. Qd3 f6 27. Nf3 Qd6 28. c7 Na6 29. Rc6 Qd7 30. Rxb6 Rxc7 31. Ra1 1-0


[Site "https://www.chess.com"]

[Event "Titled Tuesday Blitz May 2 Early 2023"]
[White "Fedoseev, Vladimir"]
[Black "Ter-Sahakyan, Samvel"]
[WhiteFideId "24130737"]
[BlackFideId "13302531"]
[WhiteElo "2752"]
[BlackElo "2566"]
[Result "1/2-1/2"]
[Round "10"]
[TimeControl "180+2"]
[Date "2023.05.03"]
[WhiteClock "0:00:00"]
[BlackClock "0:00:00"]

1. e4 c5 2. Nf3 e6 3. c3 d5 4. exd5 exd5 5. d4 Nf6 6. Bb5+ Bd7 7. Bxd7+ Nbxd7 8. O-O Be7 9. dxc5 Nxc5 10. Be3 O-O 11. Nbd2 Re8 12. h3 Rc8 13. Qc2 h6 14. Rad1 Qc7 15. Bd4 Nfe4 16. Rfe1 Bf8 17. Nf1 Rcd8 18. Ne3 Qc6 19. Ne5 Qc7 20. Nd3 Ne6 21. Be5 Qc6 22. f3 N4g5 23. h4 Nh7 24. Nf5 a5 25. Qf2 h5 26. Qg3 g6 27. Nd4 Nxd4 28. Bxd4 Bd6 29. Qf2 Nf8 30. Bf6 Rxe1+ 31. Rxe1 Re8 32. Rxe8 Qxe8 33. Qb6 Qe6 34. Bd4 a4 35. a3 Qd7 36. Bc5 Bc7 37. Qb4 Ne6 38. Bf2 Qc6 39. Nc5 Nxc5 40. Qxc5 Qxc5 41. Bxc5 f5 42. Kf2 Kf7 43. Ke3 Ke6 44. f4 b5 45. g3 Bd8 46. Kd3 Bf6 47. Bd4 Be7 48. Be3 Bf6 49. Bc5 Bg7 50. Bb4 Bf6 51. Bc5 Bg7 52. Bd4 Bf8 53. Be3 Bg7 54. Bc5 Bf6 55. Bd4 Be7 56. Be3 Bf6 57. Bd4 1/2-1/2


[Site "https://www.chess.com"]

[Event "Titled Tuesday Blitz May 2 Early 2023"]
[White "Sethuraman, S.P."]
[Black "Le, Tuan Minh"]
[WhiteFideId "5021596"]
[BlackFideId "12401153"]
[WhiteElo "2543"]
[BlackElo "2566"]
[Result "1-0"]
[Round "10"]
[TimeControl "180+2"]
[Date "2023.05.03"]
[WhiteClock "0:00:00"]
[BlackClock "0:00:00"]

1. d4 d5 2. c4 c6 3. Nf3 Nf6 4. Qc2 dxc4 5. e4 b5 6. b3 Bg4 7. Nbd2 e6 8. bxc4 b4 9. Bb2 Be7 10. Bd3 Nfd7 11. e5 Bh5 12. c5 Bg6 13. Be4 Na6 14. h4 Nc7 15. h5 Bxe4 16. Nxe4 Nd5 17. Bc1 h6 18. Bd2 a5 19. O-O O-O 20. Rfe1 Qe8 21. Nd6 Bxd6 22. exd6 f6 23. Qe4 Qxh5 24. Qxe6+ Qf7 25. Qg4 h5 26. Qg3 Rfe8 27. Nh4 Nf8 28. Nf5 Kh7 29. Qf3 Qg6 30. Ne7 Rxe7 31. dxe7 Nd7 32. Re6 Re8 33. Rae1 Nb8 34. R1e5 Qb1+ 35. Kh2 Qg6 36. Rxh5+ Kg8 37. Rxc6 Nxe7 38. Re6 Kf7 39. d5 Nd7 40. Be3 Rd8 41. c6 Nf8 42. c7 Rc8 43. Rxe7+ Kxe7 44. d6+ Kd7 45. Qh3+ Ne6 46. Rxa5 f5 47. Qxf5 Qxf5 48. Rxf5 Kxd6 49. Rf7 Rxc7 50. Rxc7 Kxc7 51. Kg3 Kc6 52. Kg4 g6 53. f4 Kd5 54. f5 gxf5+ 55. Kxf5 Ng7+ 56. Kf6 Ne8+ 57. Kf5 Nd6+ 58. Kf6 Nc4 59. Bc1 Ne5 60. Kf5 Nd3 61. Bd2 Kc4 62. g4 Nc5 63. g5 Nb7 64. g6 Nd6+ 65. Ke6 Ne4 66. Bxb4 Kxb4 67. g7 Nc3 68. Ke7 Nxa2 69. g8=Q Nc3 70. Qg4+ Kc5 71. Kd7 Nd5 72. Qf5 Kd4 73. Kd6 Ne3 74. Qe5+ Kd3 75. Qg3 Ke4 76. Ke6 Kd4 77. Qf4+ Kd3 78. Ke5 Nc4+ 79. Kd5 Ne3+ 80. Kc5 Nc2 81. Qf3+ Ne3 82. Qh3 Ke4 83. Qh4+ Kd3 84. Qg3 Ke4 85. Qe1 Kd3 86. Kd6 Ke4 87. Ke6 Kd4 88. Kf6 Ke4 89. Qe2 Kf4 90. Ke6 Ke4 91. Qh5 Kd4 92. Qh7 Nc4 93. Qh4+ Kd3 94. Kf5 Ne3+ 95. Kg5 Ke2 96. Qg3 Kd3 97. Kf4 1-0


[Site "https://www.chess.com"]

[Event "Titled Tuesday Blitz May 2 Early 2023"]
[White "Asis Gargatagli, Hipolito"]
[Black "Matlakov, Maxim"]
[WhiteFideId "2260735"]
[BlackFideId "4168003"]
[WhiteElo "2557"]
[BlackElo "2666"]
[Result "1/2-1/2"]
[Round "10"]
[TimeControl "180+2"]
[Date "2023.05.03"]
[WhiteClock "0:00:00"]
[BlackClock "0:00:00"]

1. e4 e5 2. Nf3 Nc6 3. Bb5 a6 4. Ba4 Nf6 5. d3 b5 6. Bb3 Bc5 7. c3 d5 8. exd5 Nxd5 9. O-O O-O 10. Re1 Bg4 11. h3 Bh5 12. Nbd2 Nf4 13. d4 exd4 14. Ne4 Bd6 15. Ng3 Bg6 16. Bxf4 Bxf4 17. cxd4 Bxg3 18. fxg3 Qd6 19. Kh2 Rad8 20. Rc1 a5 21. a4 bxa4 22. Bxa4 Nxd4 23. Nxd4 Qxd4 24. Qxd4 Rxd4 25. b3 h5 26. Rxc7 Rd2 27. Rc5 Kh7 28. Rxa5 Rc8 29. Ra6 Rcc2 30. Bc6 Rb2 31. Bf3 Rxb3 32. Kg1 Rbb2 33. Ra5 Rbc2 34. Rae5 f6 35. R5e2 Kh6 36. Rxd2 Rxd2 37. Re2 Rd4 38. Kf2 Bf5 39. Re8 g6 40. Rh8+ Kg7 41. Rb8 Ra4 42. h4 Be6 43. Rb7+ Kf8 44. Rb8+ Ke7 45. Rb7+ Kd6 46. Rb6+ Ke5 47. Rb5+ Kd4 48. Rb6 Ra2+ 49. Kg1 Ra1+ 50. Kh2 Re1 51. Rb4+ Kc5 52. Re4 Rxe4 53. Bxe4 Bf7 54. Kg1 Kd4 55. Bf3 Ke3 56. g4 hxg4 57. Bxg4 Kf4 58. Be2 Kg3 59. Bf3 Be8 60. Be4 f5 61. Bf3 f4 62. Be4 Bf7 63. Bf3 Be8 64. Be4 Kxh4 65. Kf2 g5 66. g3+ fxg3+ 67. Kg1 Bd7 68. Bd5 Kg4 69. Be4 Kf4 70. Bd5 Bf5 71. Bc4 Be4 72. Bb5 Ke3 73. Bc4 Kd4 74. Be6 Ke5 75. Bb3 g4 76. Bd1 Kf4 77. Ba4 Bf3 78. Bd7 Kg5 79. Bc8 Kf6 80. Bd7 Kg5 81. Bc8 Kf4 82. Bd7 Be4 83. Bc8 Bf5 84. Bb7 Be6 85. Bc6 Ke5 86. Bb7 Bd5 87. Bc8 Kf4 88. Bd7 Be4 1/2-1/2


[Site "https://www.chess.com"]

[Event "Titled Tuesday Blitz May 2 Early 2023"]
[White "Suyarov, Mukhammadzokhid"]
[Black "Chigaev, Maksim"]
[WhiteFideId "14210495"]
[BlackFideId "4108116"]
[WhiteElo "2361"]
[BlackElo "2547"]
[Result "1-0"]
[Round "10"]
[TimeControl "180+2"]
[Date "2023.05.03"]
[WhiteClock "0:00:00"]
[BlackClock "0:00:00"]

1. d4 Nf6 2. Nc3 d5 3. Bf4 g6 4. Qd2 c6 5. f3 b5 6. a3 a5 7. e4 e6 8. e5 Nfd7 9. h4 h6 10. Nh3 Nb6 11. Nd1 N8d7 12. Nhf2 Bb7 13. Bd3 b4 14. axb4 axb4 15. Rxa8 Qxa8 16. O-O Qd8 17. h5 gxh5 18. Ne3 c5 19. c3 c4 20. Be2 b3 21. Bh2 Rg8 22. f4 Qh4 23. Kh1 Kd8 24. Nh3 Kc8 25. f5 Na4 26. Rf4 Qe7 27. Bxh5 f6 28. fxe6 Qxe6 29. Bg4 Rxg4 30. Nxg4 h5 31. Nxf6 Bh6 32. Nxd7 Qxd7 33. Bg3 Bc6 34. Ng5 Bxg5 35. Rf8+ Bd8 36. Bh4 Qg4 37. Bxd8 Kb7 38. Rf7+ Bd7 39. Qg5 Qxg5 40. Bxg5 Kc8 41. Bc1 Bg4 42. Kh2 Nb6 43. Kg3 Kd8 44. Kh4 Ke8 45. Rf6 Nd7 46. Rd6 Ke7 47. Rxd5 Ke6 1-0


[Site "https://www.chess.com"]

[Event "Titled Tuesday Blitz May 2 Early 2023"]
[White "Indjic, Aleksandar"]
[Black "Henriquez Villagra, Cristobal"]
[WhiteFideId "911925"]
[BlackFideId "3409350"]
[WhiteElo "2614"]
[BlackElo "2542"]
[Result "1-0"]
[Round "10"]
[TimeControl "180+2"]
[Date "2023.05.03"]
[WhiteClock "0:00:01"]
[BlackClock "0:00:01"]

1. d4 Nf6 2. Nf3 g6 3. Bg5 Bg7 4. Nbd2 O-O 5. c3 d6 6. e4 c5 7. d5 e6 8. Bc4 h6 9. Bxf6 Qxf6 10. dxe6 Bxe6 11. O-O Nc6 12. Re1 Qe7 13. Bd5 Rac8 14. a4 Rfd8 15. Nc4 Bd7 16. Nxd6 1-0


[Site "https://www.chess.com"]

[Event "Titled Tuesday Blitz May 2 Early 2023"]
[White "Durarbayli, Vasif"]
[Black "Xu, Yi"]
[WhiteFideId "13402935"]
[BlackFideId "8605564"]
[WhiteElo "2551"]
[BlackElo "2471"]
[Result "1-0"]
[Round "10"]
[TimeControl "180+2"]
[Date "2023.05.03"]
[WhiteClock "0:00:00"]
[BlackClock "0:00:00"]

1. e4 c5 2. Nf3 Nc6 3. d4 cxd4 4. Nxd4 Nf6 5. Nc3 e6 6. Nxc6 bxc6 7. e5 Nd5 8. Ne4 Qc7 9. f4 Rb8 10. a3 Be7 11. Bd3 f5 12. Nf2 Qb6 13. c4 Bc5 14. Qe2 Ne3 15. b4 Nxg2+ 16. Kf1 Bxf2 17. Qxf2 Qxf2+ 18. Kxf2 Nh4 19. Be3 Ra8 20. a4 h6 21. Rhg1 Kf7 22. b5 Bb7 23. a5 a6 24. b6 c5 25. Be2 g5 26. Rad1 Bc6 27. Bh5+ Ke7 28. Bxc5+ Kd8 29. fxg5 hxg5 30. Rxg5 f4 31. Bg4 Kc8 32. h3 Kb7 33. Rg7 Rae8 34. Rgxd7+ Bxd7 35. Rxd7+ Kc8 36. Rc7+ Kb8 37. Bd6 Nf5 38. Bxf5 exf5 39. Ra7+ Kc8 40. b7+ 1-0


[Site "https://www.chess.com"]

[Event "Titled Tuesday Blitz May 2 Early 2023"]
[White "Bachmann, Axel"]
[Black "Rakotomaharo, Fy Antenaina"]
[WhiteFideId "3700488"]
[BlackFideId "13100050"]
[WhiteElo "2605"]
[BlackElo "2427"]
[Result "0-1"]
[Round "10"]
[TimeControl "180+2"]
[Date "2023.05.03"]
[WhiteClock "0:00:00"]
[BlackClock "0:00:00"]

1. e4 c5 2. Nf3 e6 3. g3 Nc6 4. Bg2 Nf6 5. Qe2 e5 6. Nc3 Be7 7. O-O O-O 8. Nd5 d6 9. Nxe7+ Qxe7 10. c3 Be6 11. d3 Rfe8 12. h3 h6 13. Re1 Rad8 14. a3 d5 15. b4 c4 16. dxc4 dxc4 17. a4 Nd7 18. b5 Na5 19. Ba3 Qf6 20. Rad1 Nb6 21. Bb4 Nb3 22. a5 Na4 23. Rxd8 Rxd8 24. Rd1 Kh7 25. Rxd8 Qxd8 26. Nxe5 Nxa5 27. Bf1 f6 28. Nf3 Nb3 29. Qe3 Qd1 30. Qe2 Qc1 31. Kg2 Nxc3 32. Bxc3 Qxc3 33. e5 Bd5 34. exf6 Nd4 0-1


[Site "https://www.chess.com"]

[Event "Titled Tuesday Blitz May 2 Early 2023"]
[White "Mekhitarian, Krikor Sevag"]
[Black "Paravyan, David"]
[WhiteFideId "2107660"]
[BlackFideId "4194985"]
[WhiteElo "2604"]
[BlackElo "2563"]
[Result "0-1"]
[Round "10"]
[TimeControl "180+2"]
[Date "2023.05.03"]
[WhiteClock "0:00:00"]
[BlackClock "0:00:00"]

1. Nf3 Nf6 2. c4 c5 3. Nc3 Nc6 4. g3 d5 5. cxd5 Nxd5 6. Bg2 g6 7. Qa4 Bg7 8. Qc4 Nxc3 9. dxc3 Qb6 10. O-O O-O 11. Qh4 Rd8 12. Ng5 h5 13. Qf4 Ne5 14. Be3 Bf5 15. b4 Qc7 16. Bxc5 Bh6 17. h4 f6 18. Bd4 Rac8 19. Rfd1 b6 20. Bxe5 fxe5 21. Qf3 Bxg5 22. hxg5 Rxd1+ 23. Rxd1 e4 24. Qe3 Qxc3 25. Qxc3 Rxc3 26. e3 Kf7 27. Rd4 Rc1+ 28. Kh2 Rc2 29. Kg1 e5 30. Rd6 Ke7 31. Rd1 Rxa2 32. Rc1 Kd6 33. Bf1 a5 34. b5 Bd7 35. Rd1+ Ke7 36. Rd5 Ra1 37. Kg2 Be6 38. Rd2 Bg4 0-1


[Site "https://www.chess.com"]

[Event "Titled Tuesday Blitz May 2 Early 2023"]
[White "Bacrot, Etienne"]
[Black "Yu, Yangyi"]
[WhiteFideId "605506"]
[BlackFideId "8603820"]
[WhiteElo "2663"]
[BlackElo "2783"]
[Result "1-0"]
[Round "10"]
[TimeControl "180+2"]
[Date "2023.05.03"]
[WhiteClock "0:00:00"]
[BlackClock "0:00:00"]

1. e4 e5 2. Nf3 Nc6 3. Bc4 Nf6 4. d3 Bc5 5. O-O d6 6. c3 a6 7. a4 O-O 8. Re1 Ba7 9. h3 h6 10. Nbd2 Be6 11. b4 Ne7 12. Bxe6 fxe6 13. Nc4 Ng6 14. d4 Qe8 15. dxe5 dxe5 16. Be3 Rd8 17. Qb3 Bxe3 18. Rxe3 Nd7 19. Rd1 Kh7 20. g3 b5 21. axb5 axb5 22. Na5 Nf6 23. Rxd8 Qxd8 24. Nb7 Qa8 25. Nc5 Re8 26. Kg2 Qc6 27. Qd1 Ra8 28. Qe2 Ra1 29. Rd3 Nh5 30. Ng5+ hxg5 31. Qxh5+ Kg8 32. Qxg6 1-0


[Site "https://www.chess.com"]

[Event "Titled Tuesday Blitz May 2 Early 2023"]
[White "Nguyen, Ngoc Truong Son"]
[Black "Hayrapetyan, Hovik"]
[WhiteFideId "12401110"]
[BlackFideId "13302639"]
[WhiteElo "2556"]
[BlackElo "2348"]
[Result "1-0"]
[Round "10"]
[TimeControl "180+2"]
[Date "2023.05.03"]
[WhiteClock "0:00:00"]
[BlackClock "0:00:00"]

1. b3 d5 2. Bb2 Bf5 3. g3 e6 4. Bg2 h6 5. Nf3 Nf6 6. c4 c6 7. O-O Nbd7 8. Nc3 Be7 9. cxd5 cxd5 10. d3 O-O 11. Qd2 Rc8 12. Rfc1 Bh7 13. Rc2 Qa5 14. Rac1 Qd8 15. Nxd5 Nxd5 16. Rxc8 Qxc8 17. Rxc8 Rxc8 18. a3 a6 19. h3 Bd6 20. Nd4 N7f6 21. Nc2 Be7 22. Ne3 Nxe3 23. Qxe3 Rc2 24. Bxf6 gxf6 25. Bxb7 Bxa3 26. Bxa6 Kg7 27. Bc4 e5 28. Qa7 Rc1+ 29. Kg2 Rxc4 30. bxc4 Bf8 31. c5 Bf5 32. c6 Bd6 33. c7 e4 34. Qb7 exd3 35. exd3 Bxc7 36. Qxc7 Bxd3 37. Kf3 Bf5 38. h4 h5 39. Ke3 Kg6 40. Kd4 Be6 41. Kc5 Kf5 42. Qf4+ Kg6 43. Kd6 Bg4 44. Ke7 Bf5 45. Qd4 Be6 46. Qxf6+ Kh7 47. Kf8 1-0


[Site "https://www.chess.com"]

[Event "Titled Tuesday Blitz May 2 Early 2023"]
[White "Lenderman, Aleksandr"]
[Black "Remizov, Yaroslav"]
[WhiteFideId "2021285"]
[BlackFideId "34134015"]
[WhiteElo "2607"]
[BlackElo "2412"]
[Result "0-1"]
[Round "10"]
[TimeControl "180+2"]
[Date "2023.05.03"]
[WhiteClock "0:00:00"]
[BlackClock "0:00:00"]

1. b3 d5 2. Bb2 Bg4 3. d3 Nc6 4. Nd2 e5 5. g3 Nf6 6. Bg2 Bc5 7. Ngf3 e4 8. dxe4 dxe4 9. Bxf6 Qxf6 10. Nxe4 Bb4+ 11. Kf1 Qe7 12. c3 Qxe4 13. cxb4 Qxb4 14. Qc1 O-O 15. h3 Bd7 16. a3 Qb5 17. Qc3 Rfe8 18. Ra2 Rad8 19. Kg1 Be6 20. Rb2 Bd5 21. Kh2 Rxe2 22. Bf1 Rxb2 23. Bxb5 Rxf2+ 24. Kg1 Rxf3 25. Qc5 Rxg3+ 26. Kf2 Rg2+ 27. Kf1 Bf3 28. Qc1 Ra2 0-1


[Site "https://www.chess.com"]

[Event "Titled Tuesday Blitz May 2 Early 2023"]
[White "Kosakowski, Jakub"]
[Black "Kramnik, Vladimir"]
[WhiteFideId "1185080"]
[BlackFideId "4101588"]
[WhiteElo "2488"]
[BlackElo "2712"]
[Result "0-1"]
[Round "10"]
[TimeControl "180+2"]
[Date "2023.05.03"]
[WhiteClock "0:00:00"]
[BlackClock "0:00:00"]

1. e4 c5 2. Nf3 e6 3. d4 cxd4 4. Nxd4 a6 5. Bd3 Nf6 6. O-O Qc7 7. Qe2 d6 8. f4 Nbd7 9. c4 g6 10. Nc3 Bg7 11. Be3 O-O 12. Rac1 Re8 13. b4 b6 14. a3 Bb7 15. Rfd1 Rac8 16. Nb3 Qb8 17. h3 e5 18. f5 gxf5 19. exf5 e4 20. Bb1 Ne5 21. Bxb6 Nxc4 22. Bd4 e3 23. Bd3 Nxa3 24. Na5 Ba8 25. Bxa6 Qxb4 26. Bxc8 Qxa5 27. Ba6 Qxf5 28. Bd3 Qg5 29. Rf1 Nd7 30. Bxg7 Qxg7 31. Rf4 Ne5 32. Be4 Ng6 33. Rg4 Bxe4 34. Rxe4 Rxe4 35. Nxe4 Qd4 36. Ng5 Nf4 37. Qg4 h5 38. Rc8+ Kg7 39. Ne6+ Kf6 40. Qg7+ Kxe6 41. Re8+ Kd5 42. Qxf7+ Kc5 43. Qa7+ Kc4 44. Qa4+ Kd3 45. Qxa3+ Kd2 46. Qa2+ Kd1 47. Qb1+ Ke2 48. Qf1+ Kd2 49. Qb1 e2+ 50. Kh2 Nd3 51. Qa2+ Qb2 52. Qa5+ Kd1 53. Qxh5 Nf4 54. Qf3 Qd2 55. Ra8 Qd4 56. Ra3 d5 57. Re3 Kd2 58. Qf2 Qxe3 0-1


[Site "https://www.chess.com"]

[Event "Titled Tuesday Blitz May 2 Early 2023"]
[White "Grigoriants, Sergey"]
[Black "Nagy, Gabor"]
[WhiteFideId "4130804"]
[BlackFideId "737119"]
[WhiteElo "2502"]
[BlackElo "2514"]
[Result "1/2-1/2"]
[Round "10"]
[TimeControl "180+2"]
[Date "2023.05.03"]
[WhiteClock "0:00:00"]
[BlackClock "0:00:00"]

1. c4 Nf6 2. Nc3 g6 3. g3 Bg7 4. Bg2 O-O 5. Nf3 c5 6. O-O Nc6 7. d4 cxd4 8. Nxd4 Qa5 9. e3 d6 10. h3 Bd7 11. Qe2 Rfc8 12. Bd2 Qd8 13. Rac1 a6 14. Rfd1 Rab8 15. Be1 h5 16. b3 Nxd4 17. exd4 b5 18. c5 dxc5 19. dxc5 Rxc5 20. Ne4 Rxc1 21. Nxf6+ Bxf6 22. Rxc1 Rc8 23. Rd1 Qc7 24. Bb4 Bc6 25. Rc1 Qb7 26. Bxe7 Bxg2 27. Rxc8+ Qxc8 28. Bxf6 Bxh3 29. Qd2 Qf8 30. Bb2 Bf5 31. Qd4 f6 32. Qxf6 Qxf6 33. Bxf6 b4 34. Be7 Bb1 35. a3 bxa3 36. Bxa3 Ba2 37. b4 1/2-1/2


[Site "https://www.chess.com"]

[Event "Titled Tuesday Blitz May 2 Early 2023"]
[White "Averjanov, Alexey"]
[Black "Demchenko, Anton"]
[WhiteFideId "14109867"]
[BlackFideId "4160258"]
[WhiteElo "2399"]
[BlackElo "2545"]
[Result "1/2-1/2"]
[Round "10"]
[TimeControl "180+2"]
[Date "2023.05.03"]
[WhiteClock "0:00:00"]
[BlackClock "0:00:00"]

1. d4 Nf6 2. c4 d6 3. Nf3 Nc6 4. g3 e5 5. Bg2 Be7 6. O-O O-O 7. Nc3 h6 8. d5 Nb8 9. e4 Nh7 10. Ne1 f5 11. f4 exf4 12. Bxf4 Na6 13. Nd3 fxe4 14. Nxe4 Nf6 15. Qd2 Bf5 16. Rae1 Qd7 17. b3 Rae8 18. Ndf2 Nh7 19. h4 b6 20. Kh2 Nc5 21. Nxc5 bxc5 22. Be4 Bxe4 23. Nxe4 Nf6 24. Nxf6+ Bxf6 25. Rxe8 Rxe8 26. Re1 Rxe1 27. Qxe1 Qf5 28. Qd2 g5 29. hxg5 hxg5 30. Be3 Kg7 31. Qf2 Qe4 32. Bd2 g4 33. Qf4 Qh7+ 34. Kg2 Qh3+ 35. Kf2 Qh2+ 36. Ke1 Qh1+ 37. Ke2 Qh5 38. Kd3 Be5 39. Qe4 Qg6 40. Qxg6+ Kxg6 41. Be1 Kf5 42. Ke3 Kf6 43. Ke4 Ke7 44. Bf2 Kf6 45. Be1 Kg6 46. Bf2 Kf6 47. a3 a6 48. b4 cxb4 49. axb4 Kg6 50. c5 Kf6 51. c6 Kg6 52. Be1 Kf6 53. Bf2 Kg6 54. Be1 Kf6 55. Bf2 1/2-1/2


[Site "https://www.chess.com"]